 Dungeon Crawl Stone Soup version 0.27.1-33-g824d729ab1 (webtiles) character file.

Game seed: 13721989898043865926

112 Garessta the Vexing (level 4, -12/30 HPs)
             Began as a Vampire Enchanter on Dec 11, 2021.
             Mangled by a red very ugly thing (23 damage)
             ... on level 1 of the Abyss.
             The game lasted 00:07:02 (2376 turns).

Garessta the Vexing (Vampire Enchanter)             Turns: 2376, Time: 00:07:03

Health: -12/30     AC:  2    Str:  7    XL:     4   Next: 63%
Magic:  7/7        EV: 12    Int: 17    God:
Gold:   110        SH:  0    Dex: 15    Spells: 1/7 levels left

rFire    . . .     SeeInvis +   f - +2 dagger (drain)
rCold    . . .     Faith    .   (no shield)
rNeg     . . .     Spirit   .   b - +0 robe
rPois    .         Reflect  .   (no helmet)
rElec    .         Harm     .   (no cloak)
rCorr    .         Rampage  .   (no gloves)
Will     .....                  (no boots)
Stlth    +++.......             (no amulet)
HPRegen  0.30/turn              (no ring)
MPRegen  0.10/turn              (no ring)

@: healing quickly
A: alive, fangs 3, see invisible, vampiric 2
a: Exsanguinate


You were on level 1 of the Abyss.
You visited 1 branch of the dungeon, and saw 3 of its levels.
You visited the Abyss 1 time.

You collected 110 gold pieces.

Inventory:

Hand Weapons
 a - a +1 dagger of flaming
 f - a +2 dagger of draining (weapon)
Armour
 b - a +0 robe (worn)
Wands
 c - a wand of mindburst (10)
Scrolls
 i - a scroll of amnesia {unknown}
Potions
 d - 2 potions of brilliance {unknown}
 e - a potion of curing {unknown}
 g - a potion of resistance {unknown}
 h - a potion of lignification {unknown}
 j - a potion of haste {unknown}
 k - 2 potions of heal wounds {unknown}
 l - a potion of degeneration {unknown}


   Skills:
 - Level 1.1 Short Blades
 - Level 2.1 Dodging
 + Level 6.0 Stealth
 - Level 2.0 Spellcasting
 * Level 7.0 Hexes


You had one spell level left.
You knew the following spells:

 Your Spells              Type           Power      Damage    Failure   Level
a - Corona                Hex            27%        N/A       1%          1
b - Ensorcelled Hibernat  Hex/Ice        26%        N/A       7%          2
c - Confusing Touch       Hex            25%        N/A       3%          3

Your spell library contained the following spells:

 Spells                   Type           Power      Damage    Failure   Level
 Tukima's Dance           Hex            25%        N/A       3%          3
 Dazzling Flash           Conj/Hex       26%        N/A       14%         3


Dungeon Overview and Level Annotations

Branches:
Dungeon (3/15)

Altars:

Shops:
D:2 *


Innate Abilities, Weirdness & Mutations

Your natural rate of healing is accelerated.
You have razor-sharp teeth.
You have supernaturally acute eyesight. (SInv)
You are afflicted with vampirism and can become a bat while bloodless.


Message History

You are cast into the Abyss!
To return, you must find a gate leading back.
Killing monsters will force the Abyss to allow you passage.
This branch contains the abyssal rune of Zot.
Found a falchion.
Found a glowing sapphire potion.
Found a scroll labelled WYKUPO RUESE.
d - 2 glowing sapphire potions (gained 1)
i - a scroll labelled WYKUPO RUESE
Found a scroll of noise.
Found a halberd.
A wraith comes into view.
A large abomination comes into view.
You see here a +0 halberd.
You see here a +0 halberd.
Found 40 gold pieces.
You now have 110 gold pieces (gained 40).
A small abomination comes into view.
A white imp comes into view.
Found a gateway leading deeper into the Abyss.
Found a purple potion.
l - a purple potion The red very ugly thing gurgles horribly!
Found a corrupted altar of Lugonu.
An orb spider comes into view.
A basilisk comes into view.
An iron imp and a small abomination come into view.
The iron imp shouts, "Slither away, thou goatish whey-faced jarkman!"
The red very ugly thing gores you!!
Ouch! That really hurt!
* * * LOW HITPOINT WARNING * * *
There is a corrupted altar of Lugonu, spattered with blood here.
A balrug comes into view.
It is wielding a +1 antimagic demon whip.
A hellwing and 3 smoke demons come into view.
The balrug shouts!
You hear a roar!
You hear a chilling moan.
You hear a roar!
The hellwing gives a chilling moan.
The balrug gestures at you. The bolt of fire misses you.
The red very ugly thing gores you!!
Ouch! That really hurt!
You die...

. # ## #..# . #.. #
.#. . . #.# .#.... .
# #.# #..#.#.#... #.#
#..#.#.#...
#..####.......#.# #
.#..###.@#....#.# #.#
..###
#....##u234#.....##.
. #
##.#.#.#.5#.4.#.....
.# ..#.#
.#..###.3....## .
...#.......##......#
#...##..#..#..#3...##
.......>#...#.#...
#..#.#..#.l_5#..###.#
#. ##..#.#..#..#...#


You could see a red very ugly thing, a balrug, 2 hellwings, 3 smoke demons and
an iron imp.

Vanquished Creatures
  An orc wizard (D:3)
  2 adders (D:2)
  A gnoll (D:1)
  4 orcs (D:3)
  7 endoplasms
  4 giant cockroaches
  4 goblins
  9 hobgoblins
  3 quokkas
  A ball python (D:2)
  2 bats
  4 frilled lizards (D:1)
  2 kobolds
  9 rats
53 creatures vanquished.

Vanquished Creatures (others)
  4 toadstools (D:1)
4 creatures vanquished.

Grand Total: 57 creatures vanquished

Notes
Turn   | Place    | Note
-------+----------+-------------------------------------------
     0 | D:1      | Garessta the Vampire Enchanter began the quest for the Orb.
     0 | D:1      | Reached XP level 1. HP: 13/13 MP: 3/3
   265 | D:1      | Reached skill level 5 in Hexes
   265 | D:1      | Reached XP level 2. HP: 19/19 MP: 5/5
   268 | D:1      | Learned a level 2 spell: Ensorcelled Hibernation
   551 | D:1      | Reached skill level 5 in Stealth
   872 | D:1      | Gained mutation: You are afflicted with vampirism and can
                  | become a bat while bloodless. [Vampire growth]
   872 | D:1      | Reached XP level 3. HP: 23/24 MP: 6/6
  1067 | D:1      | Learned a level 3 spell: Confusing Touch
  1475 | D:2      | Reached skill level 6 in Hexes
  1852 | D:2      | Reached XP level 4. HP: 30/30 MP: 7/7
  1878 | D:2      | Found Viazoudd's Assorted Antiques.
  2136 | D:3      | Found a faded altar of an unknown god.
  2223 | D:3      | Reached skill level 7 in Hexes
  2224 | D:3      | Cast into level 1 of the Abyss (orc)
  2270 | Abyss:1  | Noticed a wraith
  2271 | Abyss:1  | Noticed a large abomination
  2324 | Abyss:1  | Noticed a small abomination
  2355 | Abyss:1  | Noticed a red very ugly thing
  2359 | Abyss:1  | Found a corrupted altar of Lugonu.
  2361 | Abyss:1  | Noticed an orb spider
  2364 | Abyss:1  | Noticed a basilisk
  2366 | Abyss:1  | Noticed a small abomination
  2368 | Abyss:1  | Noticed a balrug
  2369 | Abyss:1  | Noticed a hellwing
  2369 | Abyss:1  | Noticed a smoke demon
  2369 | Abyss:1  | Noticed a smoke demon
  2369 | Abyss:1  | Noticed a smoke demon
  2369 | Abyss:1  | Noticed a hellwing
  2376 | Abyss:1  | Mangled by a red very ugly thing

Illustrated notes

Levels and vault maps discovered:
D:1:      ldierk_water_garden, layout_loops_ring, serial_bayou_pond_e
D:2:      layout_basic, serial_shops, nicolae_lakefront_shop
D:3:      layout_basic, minitemple, shapermc_ecumenical_altar_flowoftime
Abyss:1:  base:
D:1

Skill      XL: |  1  2  3  4 |
---------------+-------------+-----
Hexes          | 5 6 7 |  7.0
Stealth        | 5 6 |  6.0
Short Blades   | |  1.1
Dodging        | |  2.1
Spellcasting   | |  2.0

Action                   |  1- 3 |  4- 6 || total
-------------------------+-------+-------++-------
Melee: Dagger            |    99 |    26 ||   125
       Bite              |     4 |     1 ||     5
 Cast: Corona            |     5 |       ||     5
       Ensorcelled Hiber |    27 |     9 ||    36
  Use: Scroll            |     3 |       ||     3
 Stab: Sleeping          |    33 |     6 ||    39
Armor: Robe              |    12 |     3 ||    15
Dodge: Dodged            |    50 |    18 ||    68
